 Dungeon Crawl Stone Soup version 0.23.0-3-gf3c87f2 (webtiles) character file.

Game seed: 8718120807468702436

205 dengdeng the Chopper (level 5, -1/70 HPs)
             Began as a Minotaur Berserker on Feb 23, 2019.
             Was a Believer of Trog.
             Slain by a gnoll
             ... wielding a +0 spear
              (4 damage)
             ... on level 3 of the Dungeon.
             The game lasted 00:07:10 (2563 turns).

dengdeng the Chopper (Minotaur Berserker)           Turns: 2563, Time: 00:07:12

Health: -1/70      AC:  8    Str: 27    XL:     5   Next: 52%
Magic:  13/13      EV: 11    Int:  4    God:    Trog [**....]
Gold:   171        SH:  0    Dex: 10    Spells: 4/4 levels left

rFire    + . .     SeeInvis .   n - +3 falchion (drain)
rCold    x . .     Gourm    .   (no shield)
rNeg     . . .     Faith    .   p - +0 scale mail
rPois    .         Spirit   .   (helmet restricted)
rElec    .         Reflect  .   (no cloak)
rCorr    .         Harm     .   g - +0 pair of gloves (curse)
MR       .....                  (no boots)
Stlth    ..........             (no amulet)
HPRegen  0.21/turn              d - ring of fire
MPRegen  0.13/turn              k - ring of magical power

@: berserking, lethally poisoned (-1 -> -35), very quick
A: retaliatory headbutt, horns 2
a: Berserk, Trog's Hand, Renounce Religion


You were on level 3 of the Dungeon.
You worshipped Trog.
Trog was pleased with you.
You were hungry.

You visited 1 branch of the dungeon, and saw 3 of its levels.

You collected 171 gold pieces.

Inventory:

Hand Weapons
 a - a +0 hand axe
 n - a +3 falchion of draining (weapon)
Missiles
 e - 70 stones (quivered)
Armour
 g - a cursed +0 pair of gloves (worn)
 p - a +0 scale mail (worn)
Jewellery
 d - a ring of fire (left hand)
 k - a ring of magical power (right hand)
Scrolls
 b - a scroll of enchant weapon {unknown}
 h - 3 scrolls of teleportation {unknown}
 l - 4 scrolls of identify {unknown}
 r - a scroll of random uselessness {unknown}
Potions
 f - a potion of magic {unknown}
 i - a potion of agility {unknown}
 j - 2 potions of haste {unknown}
 m - a potion of heal wounds {unknown}
 o - a potion of curing {unknown}
Comestibles
 c - 6 rations


   Skills:
 + Level 4.6 Fighting
 + Level 0.1 Long Blades
 + Level 5.4 Axes
 + Level 0.5 Throwing
 * Level 4.5 Armour
 + Level 2.5 Dodging


You had 4 spell levels left.
You didn't know any spells.
Your spell library was empty.

Dungeon Overview and Level Annotations

Branches:
Dungeon (3/15)

Altars:
Dithmenos


Innate Abilities, Weirdness & Mutations

You reflexively headbutt those who attack you in melee.
You have a pair of horns on your head.


Message History

Trog accepts your kill.
You feel sick. The gnoll closely misses you. The gnoll hits you!
* * * LOW HITPOINT WARNING * * *
The gnoll hits you but does no damage.
You are more poisoned.
You slash the gnoll!
The gnoll is severely wounded.
* * * LOW HITPOINT WARNING * * *
You feel sick.
The gnoll hits you from afar with a +0 spear!
* * * LOW HITPOINT WARNING * * *
The gnoll hits you but does no damage. x2
You are more poisoned.
You hit the gnoll.
You kill the gnoll!
Trog accepts your kill.
* * * LOW HITPOINT WARNING * * *
You feel very sick.
The gnoll hits you from afar with a +0 spear.
You die...

#.........
#.#.......
#........#
#........#
#.......#
#.......#
#.....).##
#...)@.(#
#...g.†..#
#.....g..#
#........#
#........#
#.........
##.........
##......###


You could see 2 gnolls.

Vanquished Creatures
  Terence (D:2)
  Ijyb (D:3)
  A worker ant (D:2)
  4 gnolls
  3 adders (D:2)
  A worm (D:2)
  A dart slug (D:1)
  A leopard gecko (D:2)
  2 ball pythons
  3 bats
  2 giant cockroaches
  7 goblins (D:1)
  4 hobgoblins
  9 jackals
  A quokka (D:3)
  3 frilled lizards
  7 kobolds
  13 rats
64 creatures vanquished.

Notes
Turn   | Place    | Note
-------+----------+-------------------------------------------
     0 | D:1      | dengdeng the Minotaur Berserker began the quest for the
                  | Orb.
     0 | D:1      | Reached XP level 1. HP: 19/19 MP: 0/0
   252 | D:1      | Reached XP level 2. HP: 27/27 MP: 1/1
   292 | D:1      | Reached skill level 4 in Axes
   654 | D:1      | Reached ** piety under Trog
   656 | D:1      | Reached XP level 3. HP: 33/33 MP: 2/2
  1220 | D:2      | Found a shadowy altar of Dithmenos.
  1247 | D:2      | Reached XP level 4. HP: 39/41 MP: 3/3
  1676 | D:2      | Reached skill level 5 in Axes
  1918 | D:2      | Noticed Terence
  1922 | D:2      | Killed Terence
  1922 | D:2      | Reached XP level 5. HP: 47/47 MP: 4/4
  2551 | D:3      | Noticed Ijyb
  2558 | D:3      | Killed Ijyb
  2563 | D:3      | HP: 3/70 [poisoned by a gnoll]
  2563 | D:3      | Slain by a gnoll

Skill      XL: |  1  2  3  4 |
---------------+-------------+-----
Axes           | 4 5 |  5.4
Fighting       | 4 |  4.6
Armour         | 3 4 |  4.5
Long Blades    | |  0.1
Throwing       | |  0.5
Dodging        | |  2.5

Action                   |  1- 3 |  4- 6 || total
-------------------------+-------+-------++-------
Melee: Hand axe          |    70 |    30 ||   100
       Headbutt          |    10 |     5 ||    15
       Falchion          |       |    16 ||    16
Throw: Stone             |    21 |       ||    21
Invok: Berserk           |     1 |     2 ||     3
  Eat: Chunk             |     1 |     3 ||     4
       Ration            |       |     1 ||     1
Armor: Ring mail         |    29 |     9 ||    38
       Scale mail        |       |    16 ||    16
Dodge: Dodged            |    55 |    36 ||    91
       Rpst.: Falchion   |       |     1 ||     1
